 Dungeon Crawl Stone Soup version 0.29.1-13-g9f3cf754e1 (webtiles) character file.

Game seed: 15042689671197112605

1338 Heoruswealwe the Reanimator (level 8, 0/43 HPs)
             Began as a Deep Elf Necromancer on Feb 5, 2023.
             Was an Initiate of Vehumet.
             Slain by a phantom (7 damage)
             ... on level 6 of the Dungeon.
             The game lasted 01:45:54 (4980 turns).

Heoruswealwe the Reanimator (Deep Elf Necromancer)  Turns: 4980, Time: 01:45:55

Health: 0/43       AC:  5    Str:  5    XL:     8   Next: 35%
Magic:  20/23      EV: 13    Int: 23    God:    Vehumet [......]
Gold:   266        SH:  0    Dex: 15    Spells: 12/25 levels left

rFire   . . .      SeeInvis .   K - +4 quarterstaff (chaos)
rCold   . . .      Faith    .   (shield currently unavailable)
rNeg    . . .      Spirit   .   w - +0 robe
rPois   .          Reflect  .   (no helmet)
rElec   .          Harm     .   L - +1 cloak
rCorr   +          Rampage  .   o - +0 pair of gloves
Will    .....                   (no boots)
Stlth   ++........              (no amulet)
HPRegen 0.14/turn               y - ring of resist corrosion
MPRegen 0.18/turn               (no ring)

@: no status effects
A: no striking features
a: Renounce Religion


You were on level 6 of the Dungeon.
You worshipped Vehumet.
Vehumet was noncommittal.
You visited 1 branch of the dungeon, and saw 6 of its levels.

You collected 266 gold pieces.

Inventory:

Hand Weapons
 a - a +0 club
 d - a +0 spear
 g - a +0 club
 n - a +0 club
 K - a +4 quarterstaff of chaos (weapon)
Missiles
 h - 11 stones
 m - 8 poisoned darts
 S - 2 throwing nets
Armour
 l - a +0 scale mail
 o - a +0 pair of gloves (worn)
 t - a +0 leather armour
 w - a +0 robe (worn)
 L - a +1 cloak (worn)
Jewellery
 p - an amulet of guardian spirit
 y - a ring of resist corrosion (left hand)
Wands
 q - a wand of roots (1)
Scrolls
 b - a scroll of magic mapping {unknown}
 e - 4 scrolls of teleportation
 f - 2 scrolls of blinking
 j - a scroll of amnesia
 r - a scroll of summoning
 s - a scroll of immolation
 v - a scroll of noise {unknown}
 J - 2 scrolls of butterflies {unknown}
 R - a scroll of torment
Potions
 c - 2 potions of curing {unknown}
 i - 2 potions of lignification {unknown}
 k - 4 potions of flight {unknown}
 u - a potion of mutation {unknown}


   Skills:
 + Level 1.1 Fighting
 + Level 1.0 Staves
 + Level 3.2 Dodging
 + Level 3.2 Stealth
 + Level 9.3 Spellcasting
 + Level 0.3 Conjurations
 + Level 9.4 Necromancy
 + Level 1.1 Evocations


You had 12 spell levels left.
You knew the following spells:

 Your Spells              Type           Power      Damage    Failure   Level
a - Necrotise             Necr           100%       1d9       1%          1
b - Sublimation of Blood  Necr           53%        N/A       1%          2
c - Vampiric Draining     Necr           53%        2d9       1%          3
d - Magic Dart            Conj           48%        1d5       5%          1
e - Animate Dead          Necr           53%        N/A       1%          4
f - Call Imp              Summ           10%        N/A       10%         2

Your spell library contained the following spells:

 Spells                   Type           Power      Damage    Failure   Level
 Agony                    Necr           53%        N/A       3%          5
 Anguish                  Hex/Necr       16%        N/A       9%          4
 Wereblood                Tmut           10%        N/A       10%         2
 Mephitic Cloud           Conj/Pois/Air  11%        N/A       17%         3
 Death Channel            Necr           26%        N/A       19%         6
 Borgnjor's Vile Clutch   Necr/Erth      16%        N/A       24%         5
 Enfeeble                 Hex            5%         N/A       100%        7
 Summon Hydra             Summ           5%         N/A       100%        7


Dungeon Overview and Level Annotations

Branches:
Dungeon (6/15)
 Temple: D:4-7

Altars:
Ashenzari
Makhleb
Nemelex Xobeh
Ru
Trog
Vehumet

Annotations:
D:6 1 runed translucent door, DoIIoM's ghost, novice OpSu


Message History

Confirm with . or Enter, or press ? or * to list all spells.
Aiming: Vampiric Draining (safe; 1% risk of failure)
Press: ? - help, Shift-Dir - straight line, f/p - scorpion
Aim: a scorpion (almost dead)
You draw life force from the scorpion!
You kill the scorpion!
Vehumet accepts your kill.
You feel life coursing into your body.
You hit the phantom but do no damage.
The phantom is lightly damaged.
The phantom hits you.
You hit the phantom.
The phantom flickers and vanishes!
Deactivating autopickup; reactivate with Ctrl-A.
Something hits you.
You blink.
Something hits you but does no damage. Something hits you.
Something hits you but does no damage.
DoIIoM's ghost screams, "Death is your only future!"
Something hits you.
You see here a scroll labelled PUDATA YLISI.
v - a scroll labelled PUDATA YLISI Something hits you.
Something hits you.
You blink.
Something hits you but does no damage. Something barely misses you.
You closely miss something. Something hits you.
You closely miss something. Something barely misses you. x2
You closely miss something. Something hits you.
You blink.
You hit something. Something hits you. Something hits you but does no damage.
You closely miss something. Something hits you.
* * * LOW HITPOINT WARNING * * *
You miss something. Something hits you.
* * * LOW HITPOINT WARNING * * *
You blink.
Something completely misses you. Something hits you.
* * * LOW HITPOINT WARNING * * *
Something hits you!
You die...

##+....###....# .....
###...P.........# ......
.......#.##.....# ....###
..... #.....##...##⌠##
###...# #.....#...##...##
P.W~... #.....†..##..?..#
.~~~~..####........+W..♣!.⌠
P~~~~..!...........##..!..#
.~~~~..##....#@.....##...##
.~~~~................##⌠##.
...~P.................###..
.###.......................
###+##..................
#..........<......#
#....<...##.......#
#........##.......#
......#'#....##.......#


You could see DoIIoM's ghost.

Vanquished Creatures
  Sigmund (D:3)
  Eustachio (D:4)
  An ice beast (D:6)
  An ogre (D:4)
  A phantom (D:4)
  A scorpion (D:6)
  4 wights (D:4)
  A crimson imp (D:5)
  An orc priest (D:5)
  Crazy Yiuf (D:2)
  5 hounds
  2 iguanas (D:4)
  An orc wizard (D:5)
  6 gnolls
  5 adders
  2 worms (D:4)
  3 orcs
  7 ball pythons
  7 endoplasms
  A giant cockroach (D:1)
  13 goblins
  8 hobgoblins
  4 jackals (D:4)
  4 kobolds
  4 quokkas
  7 bats
  2 frilled lizards (D:2)
  8 rats
102 creatures vanquished.

Vanquished Creatures (collateral kills)
  2 gnolls
  An endoplasm (D:2)
  A goblin (D:3)
  A hobgoblin (D:2)
  A rat (D:1)
6 creatures vanquished.

Grand Total: 108 creatures vanquished

Notes
Turn   | Place    | Note
-------+----------+-------------------------------------------
     0 | D:1      | Heoruswealwe the Deep Elf Necromancer began the quest for
                  | the Orb.
     0 | D:1      | Reached XP level 1. HP: 10/10 MP: 6/6
    69 | D:1      | Reached skill level 5 in Necromancy
   241 | D:1      | Reached XP level 2. HP: 15/15 MP: 6/8
   584 | D:2      | Reached XP level 3. HP: 10/19 MP: 1/10
   950 | D:1      | Learned a level 2 spell: Sublimation of Blood
   954 | D:1      | Learned a level 3 spell: Vampiric Draining
   990 | D:2      | Found a runed translucent door.
  1091 | D:3      | Noticed Sigmund
  1355 | D:2      | Reached XP level 4. HP: 24/24 MP: 3/12
  1738 | D:2      | Noticed Crazy Yiuf
  1745 | D:2      | Killed Crazy Yiuf
  2006 | D:3      | Found a bloodstained altar of Trog.
  2009 | D:3      | Found a sparkling altar of Nemelex Xobeh.
  2088 | D:3      | Reached XP level 5. HP: 28/28 MP: 11/14
  2096 | D:3      | Reached skill level 5 in Spellcasting
  2374 | D:3      | Found a faded altar of an unknown god.
  2474 | D:3      | Killed Sigmund
  2475 | D:3      | Reached XP level 6. HP: 32/32 MP: 10/17
  2561 | D:3      | Prayed at the altar of an unknown god.
  2561 | D:3      | Became a worshipper of Ashenzari the Shackled
  2563 | D:3      | Fell from the grace of Ashenzari
  2663 | D:4      | Reached XP level 7. HP: 36/36 MP: 15/19
  2699 | D:4      | Reached skill level 1 in Evocations
  2762 | D:4      | Found a sacrificial altar of Ru.
  3291 | D:4      | Noticed Eustachio
  3306 | D:4      | Killed Eustachio
  3307 | D:4      | Was forgiven by Ashenzari
  3416 | D:5      | Entered Level 5 of the Dungeon
  3525 | D:4      | Learned a level 1 spell: Magic Dart
  3530 | D:4      | Learned a level 4 spell: Animate Dead
  3533 | D:4      | Learned a level 2 spell: Call Imp
  3762 | D:4      | Reached XP level 8. HP: 15/41 MP: 10/22
  3803 | D:4      | Reached skill level 1 in Staves
  4148 | D:1      | You fall into a shaft and drop 1 floor!
  4540 | D:5      | Found a burning altar of Makhleb.
  4540 | D:5      | Found a radiant altar of Vehumet.
  4568 | D:5      | Reached skill level 1 in Fighting
  4583 | D:5      | Became a worshipper of Vehumet
  4888 | D:6      | Noticed DoIIoM's ghost (novice OpSu)
  4888 | D:6      | Found a runed translucent door.
  4980 | D:6      | Slain by a phantom

Illustrated notes

Levels and vault maps discovered:
D:1:      ncdulo_smallfort, layout_loops_ring
D:2:      cheibrodos_greedy_goblins, layout_loops_ring, uniq_crazy_yiuf_cottage
D:3:      layout_basic, grunt_temple_overflow_open, basic_ecumenical_altar,
          minmay_goblin_kobold_house, uniq_sigmund
D:4:      layout_gridville, nicolae_ru_awakened_eye, minivault_26,
          uniq_eustachio
D:5:      layout_loops_cross, grunt_temple_overflow_lords_of_destruction,
          kennysheep_nondescript
D:6:      layout_basic, serial_undead, serial_undead_d, serial_undead_e,
          serial_undead_f, serial_undead_d, hellmonk_ghost_happy_afterlife

Skill      XL: |  1  2  3  4  5  6  7  8 |
---------------+-------------------------+-----
Necromancy     | 5 6 7 8 9 |  9.4
Spellcasting   | 4 6 7 8 9 |  9.3
Stealth        | 3 |  3.2
Evocations     | 1 |  1.1
Dodging        | 3 |  3.2
Staves         | 1 |  1.0
Fighting       | 1 |  1.1
Conjurations   | |  0.3

Action                   |  1- 3 |  4- 6 |  7- 9 || total
-------------------------+-------+-------+-------++-------
Melee: Quarterstaff      |       |       |    28 ||    28
 Cast: Necrotise         |    50 |    48 |    51 ||   149
       Vampiric Draining |     3 |     8 |    31 ||    42
       Sublimation of Bl |     1 |     2 |       ||     3
       Animate Dead      |       |       |     1 ||     1
       Magic Dart        |       |       |    24 ||    24
Invok: Renounce Religion |       |     1 |       ||     1
Evoke: Wand              |       |     8 |     2 ||    10
  Use: Scroll            |       |       |     7 ||     7
       Potion            |       |       |     1 ||     1
Armor: Robe              |     1 |     3 |    23 ||    27
Dodge: Dodged            |     2 |    10 |    45 ||    57
